 Dungeon Crawl Stone Soup version 0.30.1-11-g7821555f0a (webtiles) character file.

Game seed: 16836632217632081647

641 Tritorn the Covered (level 7, 0/84 HPs)
             Began as a Gnoll Wanderer on Dec 9, 2023.
             Was a High Priest of Ignis.
             Slain by an adder (3 damage)
             ... on level 5 of the Dungeon.
             The game lasted 00:43:37 (4508 turns).

Tritorn the Covered (Gnoll Wanderer)                Turns: 4508, Time: 00:43:38

Health: 0/84       AC: 15    Str: 10    XL:     7   Next: 51%
Magic:  12/12      EV:  2    Int: 17    God:    Ignis [*****.]
Gold:   214        SH:  5    Dex: 15    Spells: 10/13 levels left

rFire   + . .        i - +6 long sword of Gysadaer {spect, rC++ SInv}
rCold   + + .        c - +0 buckler
rNeg    . . .        e - melded +0 robe
rPois   +            (helmet currently unavailable)
rElec   .            (cloak currently unavailable)
rCorr   .            (gloves currently unavailable)
SInv    +            (boots currently unavailable)
Will    +....        (no amulet)
Stlth   ++           n - ring of willpower
HPRegen 0.34/turn    b - +6 ring of intelligence
MPRegen 0.13/turn

%: no passive effects
@: lethally poisoned (0 -> -2), tree-form, corroded
A: stationary, stasis, torment immunity, boosted hp, (fangs 1), strong nose,
distributed training
a: Renounce Religion, Fiery Armour, Foxfire Swarm, Rising Flame


You were on level 5 of the Dungeon.
You worshipped Ignis.
Ignis was extremely pleased with you.
You were a tree.
You visited 1 branch of the dungeon, and saw 5 of its levels.
You also visited: Sewer.

You collected 214 gold pieces.

Inventory:

Hand Weapons
 a - a +3 falchion
 i - the +6 long sword of Gysadaer (weapon) {spect, rC++ SInv}
   (You found it on level 3 of the Dungeon)

   rC:        It greatly protects you from cold.
   SInv:      It lets you see invisible.
 j - a +0 dagger of venom
Armour
 c - a +0 buckler (worn)
 e - a +0 robe (melded)
 h - a +0 scale mail
Magical Staves
 m - a staff of death
Jewellery
 b - a +6 ring of intelligence (right branch)
 n - a ring of willpower (left branch)
Wands
 z - a wand of mindburst (14)
Scrolls
 d - a scroll of blinking
 f - a scroll of fear
 g - 4 scrolls of teleportation
 k - a scroll of vulnerability {unknown}
 l - a scroll of poison {unknown}
 o - 5 scrolls of identify
 p - a scroll of magic mapping {unknown}
 q - 2 scrolls of fog
 s - a scroll of immolation {unknown}
 t - a scroll of amnesia {unknown}
 y - 3 scrolls of enchant armour
 C - a scroll of silence {unknown}
Potions
 r - a potion of attraction {unknown}
 u - a potion of haste {unknown}
 v - a potion of curing
 w - a potion of lignification
 x - 2 potions of resistance {unknown}
 A - a potion of magic {unknown}
 B - a potion of heal wounds {unknown}
 D - 6 potions of flight


   Skills:
 + Level 5.3 Fighting
 + Level 2.6 Short Blades
 + Level 5.3 Long Blades
 + Level 2.6 Axes
 + Level 2.6 Maces & Flails
 + Level 3.7 Polearms
 + Level 2.6 Staves
 + Level 2.6 Ranged Weapons
 + Level 2.6 Throwing
 + Level 5.3 Armour
 + Level 3.7 Dodging
 + Level 2.6 Stealth
 + Level 3.7 Shields
 + Level 2.6 Unarmed Combat
 + Level 3.9 Spellcasting
 + Level 2.1 Conjurations
 + Level 2.1 Hexes
 + Level 2.1 Summonings
 + Level 2.1 Necromancy
 + Level 2.1 Translocations
 + Level 2.1 Transmutations
 + Level 2.1 Fire Magic
 + Level 2.1 Ice Magic
 + Level 2.1 Air Magic
 + Level 2.1 Earth Magic
 + Level 2.1 Poison Magic
 + Level 2.9 Invocations
 + Level 2.6 Evocations


You had 10 spell levels left.
You knew the following spells:

 Your Spells              Type           Power      Damage    Failure   Level
a - Volatile Blastmotes   Fire/Tloc      20%        2d11      28%         3

Your spell library contained the following spells:

 Spells                   Type           Power      Damage    Failure   Level
 Fulminant Prism          Conj/Hex       5%         3d7       67%         4
 Iskenderun's Mystic Bla  Conj/Tloc      10%        2d4       67%         4
 Olgreb's Toxic Radiance  Pois           10%        N/A       67%         4
 Lee's Rapid Deconstruct  Erth           5%         3d6*      95%         5
 Discord                  Hex            5%         N/A       100%        8
 Ignition                 Fire           5%         3d4       100%        8


Dungeon Overview and Level Annotations

Branches:
Dungeon (5/15)              Sewer (visited)
 Temple: D:4-7

Altars:
Fedhas
Hepliaklqana
Trog
Ignis


Innate Abilities, Weirdness & Mutations

You are a tree.
Your roots penetrate the ground, keeping you stationary.
You cannot be teleported.
You are immune to unholy pain and torment.
Your maximum health is greatly increased.
Your equipment is partially melded.
((You have very sharp teeth.))
Your uncanny sense of smell can sniff out nearby items.
Your experience applies equally to all skills.


Message History

You barely miss the adder.
The adder is heavily wounded.
Your +6 long sword of Gysadaer {spect, rC++ SInv} hits the adder.
You feel sick. The adder bites you but does no damage.
The scorpion stings you but does no damage.
The orc hits you but does no damage.
The adder bites your +6 long sword of Gysadaer {spect, rC++ SInv} but does no damage.
The orc hits you but does no damage. The adder bites you but does no damage.
You block the scorpion's attack.
You completely miss the adder.
The adder is severely wounded.
Your +6 long sword of Gysadaer {spect, rC++ SInv} hits the adder.
You kill the adder!
You feel sick. The orc barely misses you. The adder bites you.
* * * LOW HITPOINT WARNING * * *
You are more poisoned.
The adder poisons you! The orc hits you but does no damage.
The scorpion stings you but does no damage.
The orc hits you but does no damage.
You closely miss the scorpion.
Your +6 long sword of Gysadaer {spect, rC++ SInv} hits the scorpion but does no damage.
You feel sick. The adder bites you but does no damage.
The scorpion stings you but does no damage.
You block the orc's attack. The adder bites you.
* * * LOW HITPOINT WARNING * * *
The orc hits you but does no damage.
The scorpion stings you but does no damage.
You slash the scorpion!
The scorpion is severely wounded.
Your +6 long sword of Gysadaer {spect, rC++ SInv} hits the scorpion.
You feel sick. The orc hits you but does no damage.
The adder bites you but does no damage.
The scorpion closely misses your +6 long sword of Gysadaer {spect, rC++ SInv}.
The orc hits you with a +0 club.
* * * LOW HITPOINT WARNING * * *
You completely miss the scorpion.
The scorpion is almost dead.
Your +6 long sword of Gysadaer {spect, rC++ SInv} closely misses the scorpion.
You feel sick. The adder bites you.
You die...

###.~~~~~~~~...#
#..?.~~).~~~.?.#
#....~~~~~~~..##
....#~~~~~~~#..###
......~~~~~....#...
#.....#...#........
#..#...............
......oSo..........
#..###.ā™£)..........
#.# #.(sā€ ..........
āˆ† ##.............
#.....<.......
#..............
#..............
................ āˆ†
.................
.............###.


You could see a scorpion, an adder, 2 orcs and a friendly +6 long sword of
Gysadaer {spect, rC++ SInv}.

Vanquished Creatures
  A black bear (D:4)
  A howler monkey (D:5)
  A jelly (D:5)
  A gnoll bouda (D:4)
  An orc priest (D:3)
  An iguana (D:4)
  An orc wizard (D:3)
  7 river rats (Sewer)
  16 adders
  5 worms
  2 dart slugs (D:4)
  7 orcs
  18 ball pythons
  14 endoplasms
  2 giant cockroaches
  11 goblins
  12 hobgoblins
  7 jackals
  9 quokkas
  14 bats
  5 frilled lizards
  6 kobolds
  8 rats
150 creatures vanquished.

Notes
Turn   | Place    | Note
-------+----------+-------------------------------------------
     0 | D:1      | Tritorn the Gnoll Wanderer began the quest for the Orb.
     0 | D:1      | Tritorn set off with the following items: a +2 falchion, a
                  | +0 spear, a +0 buckler, a scroll of blinking, a +0 robe.
     0 | D:1      | Reached XP level 1. HP: 20/20 MP: 4/4
   213 | D:1      | Reached XP level 2. HP: 19/26 MP: 5/5
   643 | D:1      | Reached XP level 3. HP: 31/31 MP: 7/7
   871 | D:1      | Reached skill level 1 in Invocations
  1270 | D:2      | Reached skill level 1 in Short Blades
  1270 | D:2      | Reached skill level 1 in Axes
  1270 | D:2      | Reached skill level 1 in Maces & Flails
  1270 | D:2      | Reached skill level 1 in Staves
  1270 | D:2      | Reached skill level 1 in Ranged Weapons
  1270 | D:2      | Reached skill level 1 in Throwing
  1270 | D:2      | Reached skill level 1 in Stealth
  1270 | D:2      | Reached skill level 1 in Unarmed Combat
  1270 | D:2      | Reached skill level 1 in Evocations
  1314 | D:2      | Found a faded altar of an unknown god.
  1322 | D:2      | Prayed at the altar of an unknown god.
  1322 | D:2      | Became a worshipper of Ignis, the Dying Flame
  1334 | D:2      | Reached XP level 4. HP: 38/38 MP: 8/8
  1530 | D:2      | Reached skill level 1 in Conjurations
  1530 | D:2      | Reached skill level 1 in Hexes
  1530 | D:2      | Reached skill level 1 in Summonings
  1530 | D:2      | Reached skill level 1 in Necromancy
  1530 | D:2      | Reached skill level 1 in Translocations
  1530 | D:2      | Reached skill level 1 in Transmutations
  1530 | D:2      | Reached skill level 1 in Fire Magic
  1530 | D:2      | Reached skill level 1 in Ice Magic
  1530 | D:2      | Reached skill level 1 in Air Magic
  1530 | D:2      | Reached skill level 1 in Earth Magic
  1530 | D:2      | Reached skill level 1 in Poison Magic
  1902 | D:2      | Reached XP level 5. HP: 42/43 MP: 9/9
  2287 | D:3      | Found a hazy altar of Hepliaklqana.
  2443 | D:3      | Identified the +6 long sword of Gysadaer {spect, rC++ SInv}
  2678 | D:3      | Learned a level 3 spell: Volatile Blastmotes
  2902 | D:4      | Reached XP level 6. HP: 47/50 MP: 11/11
  3095 | D:4      | Found a bloodstained altar of Trog.
  3259 | D:4      | Reached skill level 5 in Fighting
  3259 | D:4      | Reached skill level 5 in Long Blades
  3259 | D:4      | Reached skill level 5 in Armour
  3264 | D:4      | Found a blossoming altar of Fedhas.
  3267 | D:4      | Noticed a black bear
  3297 | D:4      | Killed a black bear
  3387 | D:4      | Noticed a sky beast
  3800 | D:5      | Entered Level 5 of the Dungeon
  3803 | D:5      | Found a glowing drain.
  3816 | Sewer    | Entered a sewer
  3949 | Sewer    | Reached XP level 7. HP: 54/56 MP: 12/12
  4507 | D:5      | HP: 3/84 [orc/+0 club (3)]
  4508 | D:5      | Slain by an adder

Illustrated notes

Levels and vault maps discovered:
D:1:      sevenhm_arrival_forest_fort_large_4, layout_loops_ring
D:2:      layout_loops_ring, basic_ecumenical_altar, minmay_tree_intersection,
          dreamdust_princess_corridor, minmay_snake_closets
D:3:      layout_basic, nicolae_hepliaklqana_hazy_memory
D:4:      layout_basic, fedhas_altar_3, mainiacjoe_overflow_alcove_1,
          minmay_checkerbox
D:5:      layout_cave_pools, nicolae_uskayaw_suspiria, lemuel_temple_firewalk_b,
          cheibrodos_sewer_entry_drain, minmay_crystal_water,
          kennysheep_generic_room_5

Skill      XL: |  1  2  3  4  5  6  7 |
---------------+----------------------+-----
Invocations    | 1 2 |  2.9
Short Blades   | 1 2 |  2.6
Axes           | 1 2 |  2.6
Maces & Flails | 1 2 |  2.6
Staves         | 1 2 |  2.6
Ranged Weapons | 1 2 |  2.6
Throwing       | 1 2 |  2.6
Stealth        | 1 2 |  2.6
Unarmed Combat | 1 2 |  2.6
Evocations     | 1 2 |  2.6
Spellcasting   | 3 |  3.9
Conjurations   | 1 2 |  2.1
Hexes          | 1 2 |  2.1
Summonings     | 1 2 |  2.1
Necromancy     | 1 2 |  2.1
Translocations | 1 2 |  2.1
Transmutations | 1 2 |  2.1
Fire Magic     | 1 2 |  2.1
Ice Magic      | 1 2 |  2.1
Air Magic      | 1 2 |  2.1
Earth Magic    | 1 2 |  2.1
Poison Magic   | 1 2 |  2.1
Polearms       | 3 |  3.7
Dodging        | 3 |  3.7
Shields        | 3 |  3.7
Fighting       | 5 |  5.3
Long Blades    | 5 |  5.3
Armour         | 5 |  5.3

Action                     |  1- 3 |  4- 6 |  7- 9 || total
---------------------------+-------+-------+-------++-------
  Melee: Falchion          |   126 |   104 |       ||   230
         Bite              |     7 |    20 |     8 ||    35
         Long sword        |       |    79 |    70 ||   149
   Cast: Volatile Blastmot |       |     3 |       ||     3
 Invoke: Fiery Armour      |       |     1 |       ||     1
  Evoke: Wand              |       |       |     2 ||     2
    Use: Scroll            |       |     8 |     1 ||     9
         Potion            |       |       |     2 ||     2
   Stab: Sleeping          |     2 |     2 |       ||     4
 Armour: Robe              |    13 |    11 |    18 ||    42
         Scale mail        |    21 |    33 |       ||    54
         Skin              |       |       |    25 ||    25
  Dodge: Dodged            |    49 |    84 |    52 ||   185
  Block: Buckler           |    25 |    36 |    22 ||    83
